 Dungeon Crawl Stone Soup version 0.22-a0-833-g8522bf8 (webtiles) character file.

17766 Amnesiac the Geomancer (level 12, -6/74 HPs)
             Began as a Mummy Earth Elementalist on July 25, 2018.
             Was a High Priest of Vehumet.
             Mangled by a freezing wraith (7 damage)
             ... led by a death knight
             ... on level 13 of the Dungeon.
             The game lasted 00:33:28 (13870 turns).

Amnesiac the Geomancer (Mummy Earth Elementalist)  Turns: 13870, Time: 00:33:28

Health: -6/74      AC:  8    Str: 13    XL:     12   Next: 21%
Magic:  5/28       EV: 16    Int: 20    God:    Vehumet [*****.]
Gold:   930        SH:  5    Dex: 12    Spells: 9/35 levels left

rFire    . . .     SeeInvis .   b - staff of energy
rCold    + + +     Gourm    .   e - +0 buckler
rNeg     + + +     Faith    +   z - +3 leather armour
rPois    ∞         Spirit   .   k - +0 helmet
rElec    .         Reflect  .   n - scarf {rC+ rF+}
rCorr    .         Harm     .   r - +0 pair of gloves
MR       +++..                  (no boots)
Stlth    ++........             t - amulet of faith
HPRegen  0.22/turn              i - +4 ring of evasion
MPRegen  0.21/turn              q - ring "Hilo" {*Contam rC+ MR++ Int+2 Stlth+}

@: slowed, very slow
A: no food or potions, fire vulnerability, cold resistance 1, negative energy
resistance 3, torment resistance, unbreathing
a: Renounce Religion


You were on level 13 of the Dungeon.
You worshipped Vehumet.
Vehumet was extremely pleased with you.
You were not hungry.

You visited 2 branches of the dungeon, and saw 14 of its levels.
You also visited: Bailey.

You collected 930 gold pieces.

Inventory:

Hand Weapons
 a - a +3 dagger of electrocution
Missiles
 g - 133 stones (quivered)
Armour
 e - a +0 buckler (worn)
 k - a +0 helmet (worn)
 n - a scarf of resistance (worn)
 r - a +0 pair of gloves (worn)
 z - a +3 leather armour (worn)
 B - a +2 ring mail of fire resistance
Magical Staves
 b - an uncursed staff of energy (weapon)
Jewellery
 c - an uncursed amulet of the acrobat
 i - a +4 ring of evasion (left hand)
 l - a +1 ring of protection
 q - the ring "Hilo" (right hand) {*Contam rC+ MR++ Int+2 Stlth+}
   (You took it off a kobold on level 11 of the Dungeon)

   [ring of stealth]

   It affects your intelligence (+2).
   It protects you from cold.
   It affects your resistance to hostile enchantments.
   It causes magical contamination when unequipped.
   It makes you more stealthy.
 t - an amulet of faith (around neck)
 x - an uncursed ring of resist corrosion
Wands
 f - a wand of iceblast (1)
 u - a wand of random effects (12)
 v - a wand of digging (13)
 w - a wand of enslavement (15)
Scrolls
 d - a scroll of amnesia {!r}
 h - 4 scrolls of magic mapping {!r}
 j - 6 scrolls of noise {!r}
 m - a scroll of teleportation {!r}
 o - a scroll of fog {!r}
 p - 3 scrolls of enchant armour {!r}
 s - a scroll of remove curse {!r}
 y - 2 scrolls of identify {!r}


   Skills:
 + Level 3.0 Dodging
 - Level 1.5 Stealth
 - Level 4.0 Shields
 + Level 12.0 Spellcasting
 - Level 4.0 Conjurations
 - Level 4.0 Transmutations
 * Level 12.0 Earth Magic
 - Level 4.0 Evocations


You had 9 spell levels left.
You knew the following spells:

 Your Spells              Type           Power        Failure   Level  Hunger
a - Iron Shot             Conj/Erth      #####.....   11%         6    N/A
b - Passwall              Tmut/Erth      #####...     1%          2    N/A
c - Stone Arrow           Conj/Erth      #####.       1%          3    N/A
d - Lee's Rapid Deconstr  Erth           ######....   1%          5    N/A
e - Petrify               Tmut/Erth      #####...     2%          4    N/A
f - Irradiate             Conj/Tmut      ####......   11%         5    N/A
g - Sandblast             Erth           ######       1%          1    N/A

Your spell library contained the following spells:

 Spells                   Type           Power        Failure   Level  Hunger
 Magic Dart               Conj           ####         1%          1    N/A
 Conjure Flame            Conj/Fire      ###.....     2%          3    N/A
 Lightning Bolt           Conj/Air       ###.......   22%         5    N/A
 Slow                     Hex            ##......     11%         2    N/A
 Confuse                  Hex            ##......     22%         3    N/A
 Mephitic Cloud           Conj/Pois/Air  ###.....     3%          3    N/A
 Teleport Other           Tloc           ##......     22%         3    N/A
 Blink                    Tloc           N/A          11%         2    N/A
 Call Imp                 Summ           ##......     11%         2    N/A
 Tukima's Dance           Hex            ##......     22%         3    N/A
 Shock                    Conj/Air       ###.         1%          1    N/A
 Swiftness                Chrm/Air       ##......     11%         2    N/A
 Airstrike                Air            ##........   17%         4    N/A
 Ensorcelled Hibernation  Hex/Ice        ##....       11%         2    N/A
 Static Discharge         Conj/Air       ###.....     2%          3    N/A
 Corona                   Hex            ##.....      7%          1    N/A
 Passage of Golubria      Tloc           N/A          56%         4    N/A
 Shroud of Golubria       Chrm/Tloc      ##........   11%         2    N/A
 Dazzling Spray           Conj/Hex       ###...       2%          3    N/A
 Gell's Gravitas          Tloc           ##........   22%         3    N/A
 Lesser Beckoning         Tloc           ##........   22%         3    N/A

Dungeon Overview and Level Annotations

Branches:
Dungeon (13/15)            Temple (1/1) D:5            Lair (0/6) D:8
    Orc (0/2) D:12
 Vaults: D:13-14

Altars:
Ashenzari
Cheibriados
Dithmenos
Elyvilon
Fedhas
Gozag
Hepliaklqana
Kikubaaqudgha
Makhleb
Nemelex Xobeh
Okawaru
Qazlal
Ru
Sif Muna
Trog
Uskayaw
Vehumet
Wu Jian
Xom
Yredelemnul
Zin
The Shining One
Beogh

Annotations:
D:4 Duvessa, Edmund
D:7 lurker's ghost, novice GnFi
D:8 azzavlup's ghost, novice HOMo


Innate Abilities, Weirdness & Mutations

You do not eat or drink.
Your flesh is vulnerable to fire.
You are immune to poison.
Your flesh is cold resistant. (rC+)
You are immune to negative energy. (rN+++)
You are immune to unholy pain and torment.
You can survive without breathing.


Message History

Aim: a phantasmal warrior The blast of sand hits the phantasmal warrior.
g - 133 stones The phantasmal warrior blinks!
Adjust (i)tems, (s)pells, or (a)bilities?
Adjust which spell? g - Iron Shot Adjust to which letter? a - Iron Shot; g - Sandblast
Casting: Sandblast (safe; 1% risk of failure)
Confirm with . or Enter, or press ? or * to list all spells.
Aiming: Iron Shot (quite dangerous; 11% risk of failure)
Press: ? - help, Shift-Dir - straight line, f/p - phantasmal warrior
Aim: a phantasmal warrior The iron shot misses the phantasmal warrior.
Unknown command.
Casting: Iron Shot (quite dangerous; 11% risk of failure)
Confirm with . or Enter, or press ? or * to list all spells.
Aiming: Iron Shot (quite dangerous; 11% risk of failure)
Press: ? - help, Shift-Dir - straight line, f/p - phantasmal warrior
Aim: a phantasmal warrior The iron shot hits the phantasmal warrior.
The phantasmal warrior is heavily damaged.
Unknown command.
Nothing appears to happen.
The phantasmal warrior misses you.
Nothing appears to happen.
The phantasmal warrior misses you.
Nothing appears to happen.
The phantasmal warrior barely misses you.
Nothing appears to happen.
The phantasmal warrior hits you!
Nothing appears to happen.
The phantasmal warrior hits you!
Nothing appears to happen.
The phantasmal warrior hits you!!
* * * LOW HITPOINT WARNING * * *
Really read
m - 3 scrolls of teleportation {!r}?
As you read the scroll of teleportation {!r}, it crumbles to dust.
You feel strangely unstable. The phantasmal warrior misses you.
An orc warrior comes into view. It is wielding a halberd.
Your surroundings suddenly seem different.
A freezing wraith comes into view.
The orc warrior moves out of view.
Really read
m - 2 scrolls of teleportation {!r}?
As you read the scroll of teleportation {!r}, it crumbles to dust.
You feel strangely unstable. The freezing wraith barely misses you.
The freezing wraith hits you.
* * * LOW HITPOINT WARNING * * *
The freezing wraith drains your vigour!
You feel yourself slow down.
Your surroundings seem slightly different.
You see here a kobold skeleton.
The freezing wraith hits you!
* * * LOW HITPOINT WARNING * * *
The freezing wraith freezes you. You resist.
* * * LOW HITPOINT WARNING * * *
The freezing wraith hits you!
* * * LOW HITPOINT WARNING * * *
The freezing wraith drains your vigour!
You feel as though you will be slow longer.
Okay, then.
You can't drink.
Unknown command.
Okay, then.
Casting: Iron Shot (quite dangerous; 11% risk of failure)
Confirm with . or Enter, or press ? or * to list all spells.
Okay, then.
You block the freezing wraith's attack. The freezing wraith hits you!
You die...

#†# #.### #..)# ###.#
#.### ######+### #...#
#........# ########.###
#........#
#..........####.....^..###
#.......W@.).##..>.....'..
#.......)..#.##..<<....###
#..........#.##........#
#..........#..'........#
#..........####......>.#
############ ##########


You could see a freezing wraith.

Vanquished Creatures
  Fannar (D:11)
  A death knight (D:12)
  3 two-headed ogres
  The ghost of ThereIsNoGod the Martial Artist, a novice GnTm of Qazlal (D:9)
  Urug (D:11)
  2 ugly things
  A deep elf mage (D:12)
  A cyclops (D:13)
  A komodo dragon (D:12)
  2 meliai (D:13)
  A hornet (D:12)
  2 trolls
  A spriggan (D:8)
  A wraith (D:10)
  3 wyverns
  6 yaks (D:9)
  Grum (D:11)
  A hungry ghost (D:11)
  A warg (D:9)
  2 porcupines (D:8)
  2 eyes of draining
  23 orc warriors
  2 ice beasts
  A black bear (D:9)
  A sky beast (D:5)
  2 phantoms
  6 ogres
  A necrophage (D:12)
  11 centaurs
  2 wolves (D:11)
  2 crocodiles
  5 big kobolds
  8 bullfrogs
  5 scorpions
  Dowan (D:4)
  7 killer bees
  4 electric eels (D:10)
  3 howler monkeys (D:13)
  A bullfrog skeleton (D:5)
  5 crimson imps
  2 bullfrog zombies
  7 hounds
  5 jellies
  7 orc priests
  A centaur skeleton (D:6)
  2 iguanas
  10 orc wizards
  6 worker ants
  2 howler monkey zombies
  2 worker ant zombies
  9 gnolls (Bailey)
  10 adders
  5 shadow imps
  2 oozes
  2 adder skeletons
  An adder zombie (D:6)
  3 worms
  3 leopard geckos
  59 orcs
  A ball python (D:3)
  4 bats
  3 giant cockroaches
  34 goblins
  24 hobgoblins
  19 jackals
  4 quokkas
  8 frilled lizards
  26 kobolds
  4 rats
390 creatures vanquished.

Vanquished Creatures (others)
  A centaur skeleton (D:3)
  A giant cockroach (D:3)
2 creatures vanquished.

Grand Total: 392 creatures vanquished

Notes
Turn   | Place    | Note
-------+----------+-------------------------------------------
     0 | D:1      | Amnesiac the Mummy Earth Elementalist began the quest for the Orb.
     0 | D:1      | Reached XP level 1. HP: 13/13 MP: 4/4
     2 | D:1      | Noticed an octopode
     2 | D:1      | Noticed a troll
     4 | D:1      | Noticed an elf
     4 | D:1      | Noticed a merfolk
     6 | D:1      | Noticed a demonspawn
     6 | D:1      | Noticed a centaur
     8 | D:1      | Noticed a felid
     8 | D:1      | Noticed a vine stalker
    10 | D:1      | Noticed a gargoyle
    10 | D:1      | Noticed a draconian
    12 | D:1      | Noticed a halfling
    14 | D:1      | Noticed an ogre
    14 | D:1      | Noticed a spriggan
    16 | D:1      | Noticed a demigod
    16 | D:1      | Noticed a formicid
    18 | D:1      | Noticed a tengu
    18 | D:1      | Noticed a dwarf
    20 | D:1      | Noticed a minotaur
    22 | D:1      | Noticed a vampire
    22 | D:1      | Noticed a naga
    24 | D:1      | Noticed a human
    26 | D:1      | Noticed a ghoul
   134 | D:1      | Reached XP level 2. HP: 18/19 MP: 2/5
   138 | D:1      | Learned a level 2 spell: Passwall
   231 | D:3      | Found an iron altar of Okawaru.
   331 | D:4      | Found a stormy altar of Qazlal.
   336 | D:4      | Reached XP level 3. HP: 14/24 MP: 1/7
   341 | D:4      | Learned a level 3 spell: Stone Arrow
   518 | D:4      | Noticed a scorpion
   546 | D:4      | Killed a scorpion
   546 | D:4      | Reached XP level 4. HP: 17/30 MP: 5/9
   720 | D:4      | Noticed an ogre
   722 | D:4      | Noticed a phantom
   723 | D:4      | Killed an ogre
   723 | D:4      | Reached skill level 1 in Shields
   723 | D:4      | Reached XP level 5. HP: 35/35 MP: 6/11
   740 | D:4      | Killed a phantom
   746 | D:4      | Found a sacrificial altar of Ru.
   844 | D:4      | Reached XP level 6. HP: 38/41 MP: 8/12
   850 | D:4      | Learned a level 4 spell: Petrify
  1033 | D:4      | Found a white marble altar of Elyvilon.
  1289 | D:4      | Noticed Dowan
  1290 | D:4      | Noticed Duvessa
  1298 | D:4      | Killed Dowan
  1298 | D:4      | Reached skill level 5 in Spellcasting
  1298 | D:4      | Reached skill level 5 in Earth Magic
  1365 | D:4      | Noticed Edmund
  1596 | D:5      | Entered Level 5 of the Dungeon
  1596 | D:5      | Found a staircase to the Ecumenical Temple.
  1797 | Temple   | Entered the Ecumenical Temple
  1933 | D:5      | Noticed a sky beast
  1939 | D:5      | Killed a sky beast
  1939 | D:5      | Reached XP level 7. HP: 44/46 MP: 8/14
  2758 | D:3      | Found a radiant altar of Vehumet.
  2894 | D:3      | Became a worshipper of Vehumet
  3455 | D:3      | Reached * piety under Vehumet
  3455 | D:3      | Offered knowledge of Freeze by Vehumet.
  3888 | D:3      | Learned a level 5 spell: Lee's Rapid Deconstruction
  3920 | D:5      | Reached XP level 8. HP: 52/52 MP: 15/17
  4352 | D:5      | Noticed an angel
  4353 | D:5      | Found a glowing silver altar of Zin.
  4430 | D:6      | Got a warped ring mail
  4663 | D:6      | Offered knowledge of Magic Dart by Vehumet.
  4720 | D:6      | Reached ** piety under Vehumet
  5417 | D:7      | Found a transporter.
  5422 | D:7      | Noticed a cyclops
  5422 | D:7      | Found a roughly hewn altar of Beogh.
  5677 | D:7      | Reached skill level 1 in Evocations
  5846 | D:7      | Found a runed door.
  5847 | D:7      | Noticed lurker's ghost (novice GnFi)
  5847 | D:7      | Noticed a manticore
  5923 | D:8      | Identified the +5 ring mail of the Butterfly {rC+} (You found it on level 6 of the Dungeon)
  5946 | D:8      | Found a runed gate.
  5946 | D:8      | Found a runed gate.
  5946 | D:8      | Found a runed gate.
  5948 | D:8      | Noticed azzavlup's ghost (novice HOMo)
  6079 | D:8      | Reached XP level 9. HP: 57/57 MP: 10/20
  6366 | D:8      | Found a staircase to the Lair.
  7132 | D:9      | Offered knowledge of Inner Flame by Vehumet.
  7264 | D:9      | Found a deep blue altar of Sif Muna.
  7264 | D:9      | Found an opulent altar of Gozag.
  7291 | D:9      | Found a runed gate.
  7292 | D:9      | Found a runed gate.
  7293 | D:9      | Found a runed gate.
  7301 | D:9      | Noticed ThereIsNoGod's ghost (novice GnTm)
  7347 | D:9      | Reached *** piety under Vehumet
  7748 | D:9      | Reached XP level 10. HP: 48/63 MP: 1/23
  7821 | D:9      | Offered knowledge of Throw Icicle by Vehumet.
  8122 | D:9      | Found a roughly hewn altar of Beogh.
  8152 | D:9      | Killed ThereIsNoGod's ghost
  8164 | D:9      | Reached skill level 10 in Spellcasting
  8164 | D:9      | Reached skill level 10 in Earth Magic
  8275 | D:9      | Got a jewelled plate armour
  8303 | D:9      | Got a twisted cloak
  8314 | D:9      | Identified the cursed +0 cloak of Resepoak {*Slow rPois Dex+3} (You found it on level 9 of the Dungeon)
  8325 | D:9      | Identified the cursed +0 plate armour "Mivuf" {rF+} (You took it off an orc warrior on level 9 of the Dungeon)
  8397 | D:10     | Entered Level 10 of the Dungeon
  8552 | D:10     | Noticed a two-headed ogre
  8564 | D:10     | Killed a two-headed ogre
  8564 | D:10     | Reached **** piety under Vehumet
  8817 | D:10     | Offered knowledge of Irradiate by Vehumet.
  8922 | D:10     | Got a brightly glowing scale mail
  9103 | D:10     | Learned a level 5 spell: Irradiate
  9333 | D:11     | Noticed Urug
  9349 | D:11     | Killed Urug
  9349 | D:11     | Reached XP level 11. HP: 33/68 MP: 23/25
  9373 | D:11     | Identified the cursed +0 scale mail of Tartarus {*Contam rN+ rCorr Dex+2} (You found it on level 10 of the Dungeon)
  9456 | D:11     | Noticed Fannar
  9475 | D:11     | Killed Fannar
  9590 | D:11     | Found a flagged portal.
  9641 | D:11     | Got a brightly glowing tin ring
  9699 | Bailey   | Entered a bailey
 10055 | Bailey   | Noticed an orc warlord
 10160 | Bailey   | Reached ***** piety under Vehumet
 10202 | Bailey   | Offered knowledge of Iron Shot by Vehumet.
 10225 | Bailey   | Learned a level 6 spell: Iron Shot
 10296 | Bailey   | Identified the ring "Hilo" {*Contam rC+ MR++ Int+2 Stlth+} (You took it off a kobold on level 11 of the Dungeon)
 10417 | Bailey   | Identified a scroll of acquirement {!r}
 11318 | D:11     | Noticed a purple ugly thing
 11330 | D:11     | Killed a purple ugly thing
 11330 | D:11     | Reached skill level 1 in Conjurations
 11330 | D:11     | Reached skill level 1 in Transmutations
 11357 | D:11     | Noticed a skeletal warrior
 11357 | D:11     | Noticed a skeletal warrior
 11357 | D:11     | Noticed a skeletal warrior
 11440 | D:11     | Noticed Grum
 11453 | D:11     | Killed Grum
 11507 | D:11     | HP: 2/68 [orc warlord/battleaxe (20)]
 11978 | D:12     | Noticed a two-headed ogre
 11980 | D:12     | Killed a two-headed ogre
 12011 | D:12     | Found an opulent altar of Gozag.
 12093 | D:12     | Noticed a two-headed ogre
 12095 | D:12     | Killed a two-headed ogre
 12211 | D:12     | Noticed a deep elf mage
 12217 | D:12     | Killed a deep elf mage
 12679 | D:12     | Found a staircase to the Orcish Mines.
 12684 | D:12     | Found a roughly hewn altar of Beogh.
 13015 | D:12     | Noticed a red ugly thing
 13019 | D:12     | Killed a red ugly thing
 13199 | D:13     | Reached XP level 12. HP: 45/74 MP: 6/27
 13396 | D:13     | Noticed a death knight
 13511 | D:12     | Killed a death knight
 13868 | D:13     | HP: 1/74 [freezing wraith[a death knight] (10)]
 13870 | D:13     | Mangled by a freezing wraith

Vault maps used:
D:1:      kb_arrival_jail, serial_forest, infiniplex_forest_lined_room_,
          infiniplex_forest_lined_2, infiniplex_forest_lined_ring,
          infiniplex_forest_lined_room_2
D:2:      serial_glass, glass_columns_a, glass_columns_c, minmay_liquid_box
D:3:      okawaru_metal_pillars_1_2, fiery_altar_vehumet
D:4:      nicolae_overflow_crystal_walls, lemuel_doored_altar,
          grunt_qazlal_clouds, uniq_edmund, uniq_duvessa
D:5:      zin_angel, minmay_temple_entry_statues_fountains, first_ration,
          grunt_ministairs_1
D:7:      gammafunk_beogh_shrine, ebering_ghost_inner_flame,
          kennysheep_generic_room_12
D:8:      grunt_lair_entry_orc_guard_hut, ebering_ghost_rock_garden, the_bakery
D:9:      gammafunk_temple_overflow_wave, biasface_ghost_orc_armoury,
          dk_vineyard_2
D:10:     serial_bayou_lake_a
D:11:     enter_bailey_3, uniq_grum, uniq_urug, uniq_fannar
D:12:     minmay_orc_entry_temple_small, grunt_gozag_statues
Temple:   nicolae_temple_great_sept
Bailey:   bailey_axe_minmay_hex_keep, bailey

Skill      XL: |  1  2  3  4  5  6  7  8  9 10 11 12 |
---------------+-------------------------------------+-----
Spellcasting   | 3 4 5 6 7 9 10 11 12 | 12.0
Earth Magic    | 3 4 5 6 7 9 10 11 12 | 12.0
Shields        | 1 2 3 4 |  4.0
Evocations     | 1 3 4 |  4.0
Conjurations   | 4 |  4.0
Transmutations | 4 |  4.0
Dodging        | 2 3 |  3.0
Stealth        | |  1.5

Action                   |  1- 3 |  4- 6 |  7- 9 | 10-12 || total
-------------------------+-------+-------+-------+-------++-------
Melee: Dagger            |    18 |     8 |   371 |   373 ||   770
 Cast: Sandblast         |    27 |    56 |    53 |    31 ||   167
       Passwall          |       |     1 |       |     1 ||     2
       Lee's Rapid Decon |       |       |    29 |   121 ||   150
       Petrify           |       |       |     1 |    35 ||    36
       Stone Arrow       |       |       |       |     4 ||     4
       Irradiate         |       |       |       |     1 ||     1
       Iron Shot         |       |       |       |     2 ||     2
Evoke: Wand              |       |       |     1 |    22 ||    23
       Staff of energy   |       |       |       |     1 ||     1
  Use: Scroll            |     1 |       |    14 |    12 ||    27
 Stab: Sleeping          |       |       |     8 |     2 ||    10
       Paralysed         |       |       |     5 |    14 ||    19
       Petrified         |       |       |       |    24 ||    24
       Petrifying        |       |       |       |     1 ||     1
Armor: Robe              |    10 |     1 |    46 |       ||    57
       Ring mail         |       |       |    38 |    82 ||   120
       Leather armour    |       |       |       |     2 ||     2
Dodge: Dodged            |    32 |     8 |   235 |   269 ||   544
Block: Buckler           |       |     5 |    70 |   117 ||   192

Table legend:
 A = Spawn XP
 B = Non-spawn XP
 C = Spawn XP percentage of total XP
 D = Spawn monster count
 E = Non-spawn monster count
 F = Spawn count percentage of total count
 G = Total turns spent on level
                    A         B        C        D         E        F      G
               +---------+---------+-------+---------+---------+-------+---------
         Total |       0 |   25381 |   0.0 |       0 |     390 |   0.0 | 13870
               +---------+---------+-------+---------+---------+-------+---------
           D:1 |       0 |      50 |   0.0 |       0 |      31 |   0.0 |   641
           D:2 |       0 |     114 |   0.0 |       0 |      19 |   0.0 |   567
           D:3 |       0 |     164 |   0.0 |       0 |      28 |   0.0 |   815
           D:4 |       0 |     612 |   0.0 |       0 |      19 |   0.0 |  1374
           D:5 |       0 |     775 |   0.0 |       0 |      19 |   0.0 |   900
           D:6 |       0 |     262 |   0.0 |       0 |      13 |   0.0 |  1010
           D:7 |       0 |     356 |   0.0 |       0 |       8 |   0.0 |   443
           D:8 |       0 |    1746 |   0.0 |       0 |      23 |   0.0 |  1173
           D:9 |       0 |    4105 |   0.0 |       0 |      50 |   0.0 |  1364
          D:10 |       0 |    2068 |   0.0 |       0 |      24 |   0.0 |  1047
          D:11 |       0 |    4255 |   0.0 |       0 |      36 |   0.0 |   865
          D:12 |       0 |    6229 |   0.0 |       0 |      30 |   0.0 |  1614
          D:13 |       0 |    2704 |   0.0 |       0 |      23 |   0.0 |   526
        Bailey |       0 |    1941 |   0.0 |       0 |      67 |   0.0 |  1421
               +---------+---------+-------+---------+---------+-------+---------
